 Dungeon Crawl Stone Soup version 0.30-b1-2-g02819fbbbe (webtiles) character file.

Game seed: 7475698158252270260

29530 ketsa the Peltast (level 13, -2/122 HPs)
             Began as a Hill Orc Fighter on May 27, 2023.
             Was a Priest of Ashenzari.
             Slain by a 13-headed hydra (5 damage)
             ... on level 4 of the Lair of Beasts.
             The game lasted 00:42:57 (15594 turns).

ketsa the Peltast (Hill Orc Fighter)               Turns: 15594, Time: 00:42:58

Health: -2/122     AC: 16    Str: 24    XL:     13   Next: 45%
Magic:  13/13      EV: 10    Int:  8    God:    Ashenzari [***...]
Gold:   898        SH:  8    Dex: 10    Spells: 12/12 levels left

rFire   + + .        z - +9 war axe "Letap" {venom, *Slow rPois Will+}
rCold   + . .        c - +0 buckler of Ashenzari's Sybil {Melee, Alch} (curse)
rNeg    . . .        b - +0 scale mail "Visionary Doubts" {Cun, Alch} (curse)
rPois   +            y - +0 helmet of Ashenzari's Stickiness {Cun, Melee} (curse)
rElec   .            U - scarf {rC+ rF+}
rCorr   +            J - +0 pair of gloves of the Circumscribed Moon {Fort, Bglg} (curse)
SInv    +            R - +2 pair of boots of the Prescient Anxiety {Fort, Bglg} (curse)
Will    +....        (no amulet) Stlth
                     L - ring of protection from fire
HPRegen 0.40/turn    Q - ring of resist corrosion
MPRegen 0.13/turn

%: slow self (1%), clarity
@: no status effects
A: no striking features
a: Renounce Religion, Curse Item, Shatter the Chains


You were on level 4 of the Lair of Beasts.
You worshipped Ashenzari.
Ashenzari was most pleased with you.
You visited 3 branches of the dungeon, and saw 17 of its levels.
You also visited: Sewer and Ossuary.

You collected 898 gold pieces.

Inventory:

Hand Weapons
 v - the +5 hand axe of the Vulture {venom, +Blink rC- Str+2}
   (You found it on level 4 of the Dungeon)

   Str:       It affects your strength (+2).
   rC:        It makes you vulnerable to cold.
   +Blink:    It lets you blink.
 z - the +9 war axe "Letap" (weapon) {venom, *Slow rPois Will+}
   (You found it on level 4 of the Dungeon)

   rPois:     It protects you from poison.
   *Slow:     It may slow you when you take damage.
   Will:      It increases your willpower.
 T - a +4 battleaxe of freezing
Missiles
 f - 126 stones (quivered)
 i - 17 javelins
 E - 29 poisoned darts
 M - 5 boomerangs
Armour
 b - the cursed +0 scale mail "Visionary Doubts" (worn) {Cun, Alch}

   It has a curse which improves the following skills: Cunning: Dodging and
   Stealth.
   Alchemy:   Poison Magic and Transmutations.
 c - the cursed +0 buckler of Ashenzari's Sybil (worn) {Melee, Alch}

   It has a curse which improves the following skills: Melee Combat: Short
   Blades, Long Blades, Axes, Maces & Flails, Polearms, Staves and Unarmed
   Combat.
   Alchemy:   Poison Magic and Transmutations.
 y - the cursed +0 helmet of Ashenzari's Stickiness (worn) {Cun, Melee}
   (You took it off Robin on level 4 of the Dungeon)

   It has a curse which improves the following skills: Cunning: Dodging and
   Stealth.
   Melee Combat: Short Blades, Long Blades, Axes, Maces & Flails, Polearms,
   Staves and Unarmed Combat.
 H - a +0 pair of boots of stealth
 J - the cursed +0 pair of gloves of the Circumscribed Moon (worn) {Fort, Bglg}
   (You found it on level 6 of the Dungeon)

   It has a curse which improves the following skills: Fortitude: Armour and
   Shields.
   Beguiling: Conjurations, Hexes and Translocations.
 R - the cursed +2 pair of boots of the Prescient Anxiety (worn) {Fort, Bglg}
   (You found it on level 8 of the Dungeon)

   It has a curse which improves the following skills: Fortitude: Armour and
   Shields.
   Beguiling: Conjurations, Hexes and Translocations.
 S - a +0 plate armour
 U - a scarf of resistance (worn)
 W - a +0 kite shield of fire resistance
Jewellery
 h - a ring of fire
 I - a ring of fire
 L - a ring of protection from fire (left hand)
 Q - a ring of resist corrosion (right hand)
 Y - a ring of willpower
Wands
 a - a wand of mindburst (4)
 K - a wand of flame (49)
 Z - a wand of digging (5)
Scrolls
 e - 12 scrolls of teleportation
 m - 4 scrolls of poison
 n - 4 scrolls of blinking
 p - 3 scrolls of amnesia
 r - 2 scrolls of magic mapping
 t - 2 scrolls of enchant weapon
 u - 4 scrolls of enchant armour
 C - 3 scrolls of immolation
 G - 3 scrolls of fear
 N - a scroll of silence
 V - a scroll of butterflies
 X - a scroll of fog
Potions
 d - 6 potions of might
 g - 2 potions of berserk rage
 k - 7 potions of resistance
 l - 3 potions of flight
 o - 5 potions of mutation
 q - 5 potions of heal wounds
 s - 15 potions of curing
 w - 5 potions of lignification
 D - 4 potions of haste
 O - a potion of attraction
 P - a potion of cancellation
Miscellaneous
 j - a phantom mirror


   Skills:
 + Level 13.2 Fighting
 + Level 13.0(15.2) Axes
 + Level 12.1(14.3) Armour
 + Level 0.0(0.2) Dodging
 - Level 15.3(17.4) Shields


You had 12 spell levels left.
You didn't know any spells.
Your spell library contained the following spells:

 Spells                   Type           Power      Damage    Failure   Level
 Scorch                   Fire           0%         2d5       80%         2
 Gell's Gravitas          Tloc           0%         N/A       94%         3
 Teleport Other           Tloc           0%         N/A       94%         3
 Frozen Ramparts          Ice            0%         1d1       95%         3
 Inner Flame              Hex/Fire       0%         N/A       95%         3
 Volatile Blastmotes      Fire/Tloc      0%         2d10      95%         3
 Flame Wave               Conj/Fire      0%         2d4       100%        4
 Fulminant Prism          Conj/Hex       0%         3d5       100%        4
 Ice Form                 Ice/Tmut       0%         N/A       100%        4
 Iskenderun's Mystic Bla  Conj/Tloc      0%         2d3       100%        4
 Summon Ice Beast         Ice/Summ       0%         N/A       100%        4
 Lee's Rapid Deconstruct  Erth           0%         3d4*      100%        5
 Yara's Violent Unravell  Hex/Tmut       0%         3d3       100%        5
 Dispersal                Tloc           0%         N/A       100%        6
 Summon Cactus Giant      Summ           0%         N/A       100%        6
 Enfeeble                 Hex            0%         N/A       100%        7


Dungeon Overview and Level Annotations

Branches:
Dungeon (11/15) Zot: 26478  Temple (1/1) D:5 Zot: 5750    Lair (5/5) D:9 Zot: 26015
    Orc (0/2) D:9           Sewer (visited)         Ossuary (visited)
  Swamp: Lair:2-3    Shoals: Lair:2-3     Snake: Lair:2-3    Spider: Lair:2-3
  Slime: Lair:4-5

Altars:
Ashenzari
Cheibriados
Dithmenos
Elyvilon
Fedhas
Gozag
Hepliaklqana
Kikubaaqudgha
Makhleb
Nemelex Xobeh
Okawaru
Qazlal
Ru
Sif Muna
Trog
Uskayaw
Vehumet
Wu Jian
Xom
Yredelemnul
Zin
The Shining One

Annotations:
D:4 3 runed translucent doors, Discosetron's ghost, amateur BaWr
D:11 3 runed translucent doors, ioannis32's ghost, journeyman DsBe


Message History

The ten-headed hydra closely misses you.
The ten-headed hydra bites you! The ten-headed hydra barely misses you.
The ten-headed hydra bites you! x2
You slice one of the ten-headed hydra's heads off!
The nine-headed hydra grows two more!
You slice the 11-headed hydra!!
The 11-headed hydra looks as sick as possible!
The 11-headed hydra is severely wounded.
The 11-headed hydra bites you but does no damage.
You block the 11-headed hydra's attack. x2; The 11-headed hydra bites you!
The 11-headed hydra closely misses you.
The 11-headed hydra bites you but does no damage.
The 11-headed hydra bites you. The 11-headed hydra bites you!
* * * LOW HITPOINT WARNING * * *
The 11-headed hydra bites you!
* * * LOW HITPOINT WARNING * * *
The 11-headed hydra bites you but does no damage. x2
You slice one of the 11-headed hydra's heads off!
The ten-headed hydra grows two more!
You slice the 12-headed hydra!!
The 12-headed hydra is severely wounded.
The 12-headed hydra bites you.
* * * LOW HITPOINT WARNING * * *
The 12-headed hydra bites you but does no damage.
You block the 12-headed hydra's attack. The 12-headed hydra bites you.
* * * LOW HITPOINT WARNING * * *
The 12-headed hydra barely misses you. You block the 12-headed hydra's attack.
The 12-headed hydra bites you.
* * * LOW HITPOINT WARNING * * *
The 12-headed hydra bites you but does no damage.
The 12-headed hydra bites you!
* * * LOW HITPOINT WARNING * * *
The 12-headed hydra bites you but does no damage.
You block the 12-headed hydra's attack.
The 12-headed hydra bites you but does no damage.
You lop one of the 12-headed hydra's heads off!
The 11-headed hydra grows two more!
You slash the 13-headed hydra!
The 13-headed hydra is almost dead.
You hit the 13-headed hydra.
The 13-headed hydra is almost dead.
The 13-headed hydra bites you.
You die...

.....# ##...## ###### #)......#
#.+..## #.>..### ##....###
...##.# ###....# #...### ##..###
#...## ####.....# ##÷.÷# ######.#
### ##........# #.#+###
#.####.###.# #.........#
.#..÷.###.........)###.........##
.....'.#...............#.......!.
...#.P.........D@..+..#..........
##.P.##.+...........#.##........P
.....####...........####......<##
#.#..# #..........P# #.#######
###### ##P.#...#.### ###
#####..### #.## #####.## #.#..'.#
#######


You could see a 13-headed hydra (extremely poisoned).

Vanquished Creatures
  A hydra (Lair:4)
  A skyshark (Lair:4)
  4 elephants
  A black mamba (Lair:5)
  2 torpor snails (Lair:4)
  10 cane toads
  A rime drake (Lair:3)
  7 komodo dragons
  2 trolls
  A polar bear (Lair:1)
  Prince Ribbit (D:8)
  8 blink frogs
  2 dream sheep (Lair:4)
  62 yaks
  A wraith (Ossuary)
  3 shadows (D:9)
  2 vampires (D:9)
  4 wyverns
  3 steam dragons
  4 basilisks
  A warg (Lair:4)
  2 acid dragons (D:10)
  3 two-headed ogre zombies (D:9)
  5 water moccasins
  A hell hound (Lair:5)
  2 black bears
  2 orc warriors (D:8)
  A sky beast (D:7)
  An ice beast (D:7)
  A swamp drake (D:9)
  10 wolves
  2 ogres (D:5)
  A centaur (D:8)
  A phantom (D:6)
  2 kobold brigands
  5 bullfrogs
  A gnoll sergeant (D:9)
  3 scorpions
  14 wights
  26 killer bees
  4 howler monkeys
  4 orc priests
  7 jellies
  3 gnoll boudas
  6 hounds
  5 iguanas
  5 orc wizards
  5 ogre zombies (D:9)
  A mummy (Ossuary)
  Robin (D:4)
  31 gnolls
  9 adders
  A river rat (D:5)
  2 white imps
  2 ufetubi (D:5)
  A worm zombie (D:7)
  4 dart slugs
  3 worms
  22 orcs
  11 ball pythons
  4 bats
  10 endoplasms
  6 giant cockroaches
  16 goblins
  7 hobgoblins
  20 kobolds
  4 quokkas (D:2)
  A frilled lizard (D:2)
  6 gnoll skeletons (Ossuary)
  2 goblin skeletons (D:9)
  4 goblin zombies (D:9)
  A jackal zombie (D:7)
  9 kobold skeletons (Ossuary)
  12 orc skeletons
  17 orc zombies (D:9)
  8 rats
458 creatures vanquished.

Vanquished Creatures (others)
  A wyvern (D:9)
  A bush (Lair:5)
  36 fungi
  29 plants
67 creatures vanquished.

Grand Total: 525 creatures vanquished

Notes
Turn   | Place    | Note
-------+----------+-------------------------------------------
     0 | D:1      | ketsa the Hill Orc Fighter began the quest for the Orb.
     0 | D:1      | Reached XP level 1. HP: 19/19 MP: 1/1
    51 | D:1      | Reached XP level 2. HP: 20/26 MP: 2/2
   127 | D:1      | Reached XP level 3. HP: 28/31 MP: 3/3
   502 | D:1      | Reached skill level 5 in Axes
   884 | D:2      | Reached XP level 4. HP: 33/39 MP: 4/4
  1096 | D:2      | Found a broken altar of Ashenzari.
  1143 | D:2      | Became a worshipper of Ashenzari the Shackled
  1298 | D:2      | Noticed a scorpion
  1307 | D:2      | Killed a scorpion
  1308 | D:2      | Reached XP level 5. HP: 42/45 MP: 5/5
  1942 | D:3      | Reached XP level 6. HP: 51/51 MP: 6/6
  2260 | D:4      | Identified the +5 hand axe of the Vulture {venom, +Blink
                  | rC- Str+2}
  2368 | D:4      | Noticed Robin
  2388 | D:4      | Killed Robin
  2465 | D:4      | Identified the +9 war axe "Letap" {venom, *Slow rPois
                  | Will+}
  2940 | D:4      | Found a runed translucent gate.
  2940 | D:4      | Found a runed translucent gate.
  2940 | D:4      | Found a runed translucent gate.
  2942 | D:4      | Noticed Discosetron's ghost (amateur BaWr)
  3081 | D:5      | Entered Level 5 of the Dungeon
  3082 | D:5      | Reached * piety under Ashenzari
  3089 | D:5      | Reached XP level 7. HP: 59/59 MP: 7/7
  3149 | D:5      | Found a staircase to the Ecumenical Temple.
  3237 | D:5      | Found a glowing drain.
  3250 | Sewer    | Entered a sewer
  3345 | Sewer    | Reached skill level 4 in Shields
  3703 | D:5      | Reached ** piety under Ashenzari
  3732 | D:5      | Reached XP level 8. HP: 48/67 MP: 8/8
  3831 | D:5      | Reached skill level 5 in Fighting
  3831 | D:5      | Reached skill level 10 in Axes
  4229 | Temple   | Entered the Ecumenical Temple
  4557 | D:6      | Reached skill level 5 in Armour
  4754 | D:6      | Found an ornate altar of the Wu Jian Council.
  4841 | D:6      | Found an ancient bone altar of Kikubaaqudgha.
  5359 | D:7      | Noticed a yak
  5359 | D:7      | Noticed a yak
  5359 | D:7      | Noticed a yak
  5359 | D:7      | Noticed a yak
  5359 | D:7      | Noticed a yak
  5373 | D:6      | Killed a yak
  5374 | D:6      | Reached XP level 9. HP: 57/78 MP: 9/9
  5731 | D:7      | Found a sand-covered staircase.
  5740 | Ossuary  | Entered an ossuary
  6475 | D:7      | Reached XP level 10. HP: 31/91 MP: 10/10
  7534 | D:8      | Reached skill level 10 in Fighting
  7768 | D:8      | Noticed Prince Ribbit
  7780 | D:8      | Killed Prince Ribbit
  8049 | D:9      | Reached skill level 10 in Armour
  8142 | D:9      | Found a staircase to the Orcish Mines.
  8385 | D:9      | Reached XP level 11. HP: 95/104 MP: 11/11
  9910 | D:9      | Reached skill level 5 in Shields
  9945 | D:9      | Found a staircase to the Lair.
 10137 | D:10     | Entered Level 10 of the Dungeon
 10395 | D:10     | Reached skill level 6 in Shields
 10670 | D:10     | Found a blossoming altar of Fedhas.
 10682 | D:10     | Identified the +1 shortbow "Peozxiz" {drain, rElec Str+5
                  | Int-3 Stlth+}
 10747 | D:10     | Reached skill level 7 in Shields
 11040 | D:11     | Noticed a two-headed ogre
 11053 | D:10     | Reached skill level 8 in Shields
 11200 | D:11     | Noticed a skeletal warrior
 11330 | D:11     | Found a runed translucent gate.
 11335 | D:11     | Found a runed translucent gate.
 11335 | D:11     | Found a runed translucent gate.
 11336 | D:11     | Noticed ioannis32's ghost (journeyman DsBe)
 11350 | D:11     | Noticed a boulder beetle
 11351 | D:11     | Reached *** piety under Ashenzari
 11560 | Lair:1   | Entered Level 1 of the Lair of Beasts
 11603 | Lair:1   | Reached skill level 9 in Shields
 11890 | Lair:1   | Reached skill level 10 in Shields
 11890 | Lair:1   | Reached XP level 12. HP: 113/113 MP: 12/12
 12130 | Lair:1   | Reached skill level 11 in Shields
 12638 | Lair:1   | Reached skill level 12 in Shields
 13163 | Lair:2   | Reached skill level 13 in Shields
 13174 | Lair:2   | You fall into a shaft and drop 2 floors!
 13430 | Lair:4   | Reached skill level 14 in Shields
 13596 | Lair:4   | Reached XP level 13. HP: 90/119 MP: 13/13
 13919 | Lair:4   | Reached skill level 15 in Shields
 14662 | Lair:5   | Entered Level 5 of the Lair of Beasts
 15592 | Lair:4   | HP: 2/122 [12-headed hydra (10)]
 15594 | Lair:4   | Slain by a 13-headed hydra

Illustrated notes

Levels and vault maps discovered:
D:1:      scummos_arrival_star, layout_loops_ring
D:2:      layout_rooms, basic_altar
D:3:      layout_rooms
D:4:      nicolae_cairo_tiling_large_dashed, layout_basic,
          gammafunk_ghost_necromancy, uniq_robin
D:5:      layout_cave_pools, minmay_temple_entry_wispy, portal_sewer_entry_a
D:6:      layout_gridville, mainiacjoe_overflow_small_starburst,
          mainiacjoe_overflow_paths
D:7:      layout_basic, enter_ossuary_3
D:8:      layout_loops_ring, serial_glass, glass_columns_c, glass_columns_a,
          uniq_prince_ribbit1
D:9:      layout_roguey, erik_lair_dragon, zombieorc2_lemuel
D:10:     layout_loops_ring, lemuel_doored_altar
D:11:     layout_small_grid, gammafunk_ghost_nasty_kobolds
Temple:   compressed_dpeg_triangle_lava_temple
Lair:1:   layout_concentric_octagons, lemuel_fruit_fields
Lair:2:   layout_chaotic_city, palyth_hydra_swamp_entry,
          nicolae_snake_entry_squirm, chequers_serial_rivers_small_a,
          grunt_forest_small_clearing_treed
Lair:3:   layout_cave_pods, portal_ice_cave_entry_imps, basic_altar,
          grunt_megastairs_1
Lair:4:   layout_roguey
Lair:5:   hangedman_lair_caniforms_friends, layout_misc_corridors, wormcave,
          minmay_slime_entry_oklob_enclosed, nicolae_volcano_entry_batcave,
          serial_bayou_shore_b

Skill      XL: |  1  2  3  4  5  6  7  8  9 10 11 12 13 |
---------------+----------------------------------------+-----
Axes           | 3 4 5 7 8 9 11 12 13 | 13.0
Fighting       | 4 6 9 11 12 13 | 13.2
Armour         | 4 5 8 10 11 12 | 12.1
Shields        | 4 10 14 15 | 15.3

Action                     |  1- 3 |  4- 6 |  7- 9 | 10-12 | 13-15 || total
---------------------------+-------+-------+-------+-------+-------++-------
  Melee: War axe           |    72 |   138 |       |   342 |   136 ||   688
         Hand axe          |       |    49 |   348 |   426 |       ||   823
  Throw: Stone             |       |     6 |       |       |       ||     6
 Invoke: Curse Item        |       |     2 |     1 |     3 |       ||     6
         Shatter the Chain |       |       |       |     1 |       ||     1
    Use: Scroll            |       |     2 |       |       |       ||     2
         Potion            |       |       |       |     1 |     1 ||     2
   Stab: Invisible         |       |       |       |       |     4 ||     4
 Armour: Scale mail        |    43 |    89 |    73 |   201 |    86 ||   492
  Dodge: Dodged            |    30 |    80 |   105 |   205 |    69 ||   489
  Block: Buckler           |    17 |    31 |    57 |   149 |    54 ||   308
